 Dungeon Crawl Stone Soup version 0.31-a0-202-g547052bce9 (webtiles) character file.

Game seed: 4290028527529035943

53 qw the Shooter (level 3, 0/20 HPs)
             Began as a Deep Elf Hunter on June 26, 2023.
             Slain by an iguana (8 damage)
             ... on level 3 of the Dungeon.
             The game lasted 00:00:30 (1030 turns).

qw the Shooter (Deep Elf Hunter)                    Turns: 1030, Time: 00:00:30

Health: 0/20       AC:  6    Str: 10    XL:     3   Next: 62%
Magic:  5/5        EV: 11    Int: 13    God:
Gold:   36         SH:  0    Dex: 18    Spells: 2/2 levels left

rFire   . . .        Y - +1 shortbow
rCold   . . .        (shield currently unavailable)
rNeg    . . .        g - +0 ring mail
rPois   .            a - +0 helmet
rElec   .            (no cloak)
rCorr   .            (no gloves)
SInv    .            (no boots)
Will    .....        (no amulet)
Stlth   +            (no ring)
HPRegen 0.23/turn    (no ring)
MPRegen 0.09/turn

%: no passive effects
@: no status effects
A: no striking features
a: no special abilities


You were on level 3 of the Dungeon.
You visited 1 branch of the dungeon, and saw 3 of its levels.

You collected 36 gold pieces.


   Skills:
 - Level 1.5 Fighting
 + Level 7.1 Ranged Weapons
 - Level 2.4 Dodging
 - Level 1.2 Stealth


You had 2 spell levels left.
You didn't know any spells.
Your spell library was empty.

Inventory:

Hand Weapons
 Y - a +1 shortbow (weapon)
Armour
 a - a +0 helmet (worn)
 g - a +0 ring mail (worn)

Dungeon Overview and Level Annotations

Branches:
Dungeon (3/15)

Altars:


Message History

The arrow barely misses the ball python.
The ball python barely misses you. The ball python misses you.
You shoot an arrow.
The arrow barely misses the ball python.
The ball python bites you. The ball python misses you.
The ball python closely misses you. The ball python grabs you.
The ball python constricts you.
You shoot an arrow. The arrow hits the ball python!
You kill the ball python!
You start resting.
HP restored.
A quokka comes into view.
You shoot an arrow. The arrow hits the quokka.
You kill the quokka!
Found a stone staircase leading down.
There is a stone staircase leading down here.
Found a stone staircase leading down.
There is a stone staircase leading down here.
A sourceless malevolence fills the Dungeon...
You fall into a shaft and drop 1 floor!
The shaft crumbles and collapses.
Found a stone staircase leading down.
Waypoint 2 assigned to D:3.
A rat comes into view.
Found a stone staircase leading up.
You shoot an arrow. The arrow hits the rat.
You kill the rat!
You hear an angry hiss.
1024 ||| UPGRADING to +0 helmet.
Keep equipping yourself?
You start putting on your armour.
You continue putting on your +0 helmet. x3
The iguana bites you!
You continue putting on your +0 helmet.
The iguana bites you.
You finish putting on your +0 helmet.
You shoot an arrow. The arrow barely misses the iguana.
The iguana bites you.
You shoot an arrow. The arrow hits the iguana.
The iguana is moderately wounded.
The iguana bites you!
You die...

....#####
#......#
#......#
#......+
#......#
##>...##
#.#.##
#...##
#...@#
#.#..l#
#.#.#....
#.#.###....
# #.# .....
#.# ....
#.# ..< #.#
...


You could see an iguana.

Vanquished Creatures
  Robin (D:2)
  A dart slug (D:1)
  3 ball pythons
  A bat (D:1)
  2 endoplasms (D:1)
  4 goblins
  10 hobgoblins
  5 quokkas
  A frilled lizard (D:1)
  4 kobolds (D:1)
  2 rats
34 creatures vanquished.

Notes
Turn   | Place    | Note
-------+----------+-------------------------------------------
     0 | D:1      | qw the Deep Elf Hunter began the quest for the Orb.
     0 | D:1      | Reached XP level 1. HP: 12/12 MP: 3/3
     0 | D:1      | 0 ||| qw: Version: 0.3-a-22-g0ed2b0b
     0 | D:1      | 0 ||| qw: Game counter: 5777
     0 | D:1      | 0 ||| qw: Melee chars always use a shield: true
     0 | D:1      | 0 ||| qw: God list: Okawaru
     0 | D:1      | 0 ||| qw: Allow faded altars: false
     0 | D:1      | 0 ||| qw: Do Orc after clearing Dungeon:15 true
     0 | D:1      | 0 ||| qw: Do second Lair branch before Depths: true
     0 | D:1      | 0 ||| qw: Lair rune preference: random
     0 | D:1      | 0 ||| qw: Goals: Normal
     0 | D:1      | 0 ||| PLANNING D:1-11
    27 | D:1      | 27 ||| FLEEEEING.
   193 | D:1      | Reached XP level 2. HP: 15/16 MP: 4/4
   196 | D:1      | Reached skill level 6 in Ranged Weapons
   438 | D:1      | 438 ||| FLEEEEING.
   439 | D:1      | 439 ||| FLEEEEING.
   440 | D:1      | 440 ||| FLEEEEING.
   441 | D:1      | 441 ||| FLEEEEING.
   442 | D:1      | 442 ||| FLEEEEING.
   443 | D:1      | 443 ||| FLEEEEING.
   444 | D:1      | 444 ||| FLEEEEING.
   445 | D:1      | 445 ||| FLEEEEING.
   446 | D:1      | 446 ||| FLEEEEING.
   447 | D:1      | 447 ||| FLEEEEING.
   449 | D:1      | 449 ||| FLEEEEING.
   450 | D:1      | 450 ||| FLEEEEING.
   451 | D:1      | 451 ||| FLEEEEING.
   452 | D:1      | 452 ||| FLEEEEING.
   453 | D:1      | 453 ||| FLEEEEING.
   454 | D:1      | 454 ||| FLEEEEING.
   455 | D:1      | 455 ||| FLEEEEING.
   681 | D:1      | Reached XP level 3. HP: 20/20 MP: 5/5
   887 | D:1      | 887 ||| UPGRADING to +0 ring mail.
   897 | D:1      | 897 ||| DROPPING +0 leather armour.
   898 | D:1      | 898 ||| READING scroll labelled HAZXOUHUEMN.
   899 | D:1      | 899 ||| READING scroll labelled CUZITROLUN.
   900 | D:1      | 900 ||| READING 2 scrolls labelled PUETOMMIENU.
   901 | D:1      | 901 ||| READING scroll labelled JOEN LIESESH.
   902 | D:1      | 902 ||| DROPPING scroll of butterflies.
   903 | D:1      | 903 ||| DROPPING scroll of blinking.
   914 | D:2      | Noticed Robin
   923 | D:2      | Killed Robin
   924 | D:2      | Reached skill level 7 in Ranged Weapons
  1016 | D:2      | You fall into a shaft and drop 1 floor!
  1024 | D:3      | 1024 ||| UPGRADING to +0 helmet.
  1030 | D:3      | Slain by an iguana

Levels and vault maps discovered:
D:1:      ebering_trefoil_twist, layout_basic, chequers_serial_rivers_micro_c,
          serial_bayou_pond_d
D:2:      layout_loops_ring, minmay_split_cup_small, uniq_robin, uniq_terence
D:3:      layout_basic

Skill      XL: |  1  2  3 |
---------------+----------+-----
Ranged Weapons | 6 7 |  7.1
Fighting       | |  1.5
Dodging        | |  2.4
Stealth        | |  1.2

Action                     || total
---------------------------++-------
   Fire: Shortbow          ||   114
    Use: Scroll            ||     4
 Armour: Leather armour    ||     5
         Ring mail         ||     6
  Dodge: Dodged            ||    34

Table legend:
 A = Non-vault XP
 B = Vault XP
 C = Vault XP percentage of total XP
 D = Non-vault monster count
 E = Vault monster count
 F = Vault count percentage of total count
                 A         B        C        D         E       F
            +---------+---------+-------+---------+---------+-------
      Total |      49 |      27 |  35.5 |      27 |       7 |  20.6
            +---------+---------+-------+---------+---------+-------
        D:1 |      43 |       0 |   0.0 |      23 |       0 |   0.0
        D:2 |       5 |      27 |  84.4 |       3 |       7 |  70.0
        D:3 |       1 |       0 |   0.0 |       1 |       0 |   0.0
            +---------+---------+-------+---------+---------+-------
